 Dungeon Crawl Stone Soup version 0.31-a0-618-g7ca08c1ff9 (webtiles) character file.

Game seed: 6413086320933191604

255 zenocrate the Ruffian (level 6, -1/38 HPs)
             Began as an Octopode Shapeshifter on Aug 22, 2023.
             Slain by a gnoll
             ... wielding a +0 spear
              (7 damage)
             ... on level 3 of the Dungeon.
             The game lasted 00:02:20 (2056 turns).

zenocrate the Ruffian (Octopode Shapeshifter)       Turns: 2056, Time: 00:02:21

Health: -1/38      AC:  1    Str: 15    XL:     6   Next: 15%
Magic:  7/7        EV: 14    Int: 10    God:
Gold:   124        SH:  0    Dex: 14    Spells: 7/7 levels left

rFire   . .          .
                       - Unarmed
rCold   . . .        (no shield)
rNeg    . . .        (helmet currently unavailable)
rPois   .            k - amulet of magic regeneration
rElec   .            j - ring of flight
rCorr   .            (no ring)
SInv    .            (no ring)
Will    .....        (no ring)
Stlth   ++           (no ring)
HPRegen 0.26/turn    (no ring)
MPRegen 0.50/turn    (no ring)
                     (no ring)

%: no passive effects
@: beast-form, flying
A: beast (slay +2), almost no armour, amphibious, 8 rings, camouflage 1,
gelatinous body 1, (nimble swimmer 1), tentacles
a: Begin Untransformation


You were on level 3 of the Dungeon.
You were a hulking beast.
You visited 1 branch of the dungeon, and saw 3 of its levels.
You visited the Abyss 1 time.

You collected 124 gold pieces.

Inventory:

Missiles
 e - 11 boomerangs (quivered)
 m - 2 throwing nets
Jewellery
 j - a ring of flight (left tentacle)
 k - an amulet of magic regeneration (around mantle)
Talismans
 b - a beast talisman (active)
 c - a flux talisman
Wands
 n - a wand of polymorph (5)
Scrolls
 d - a scroll of noise {unknown}
 g - a scroll of teleportation {unknown}
 o - a scroll of immolation {unknown}
 q - a scroll of identify
Potions
 a - a potion of lignification
 f - 2 potions of attraction
 h - a potion of mutation
 i - a potion of magic
 l - 2 potions of curing
 p - a potion of brilliance {unknown}


   Skills:
 - Level 1.0 Fighting
 - Level 3.4 Dodging
 + Level 4.5 Unarmed Combat
 - Level 1.0 Spellcasting
 + Level 2.1 Evocations
 + Level 4.0 Shapeshifting


You had 7 spell levels left.
You didn't know any spells.
Your spell library was empty.

Dungeon Overview and Level Annotations

Branches:
Dungeon (3/15)

Altars:

Shops:
D:1 [


Innate Abilities, Weirdness & Mutations

You are a hulking beast.
Your limbs bulge with bestial killing power. (Slay +2)
You cannot wear most types of armour.
You are amphibious.
You can wear up to eight rings at the same time.
Your skin changes colour to match your surroundings (Stealth+).
Your rubbery body absorbs attacks. (AC +1, EV +1)
((You are camouflaged when in or above water. (Stealth+)))
You have tentacles for arms and can constrict up to eight enemies at once.


Message History

You bludgeon the hound!
You kill the hound!
The hound barely misses you. The gnoll closely misses you. The hound bites you.
You have reached level 6!
You tentacle-slap the hound. Your grab misses the hound.
The hound is lightly wounded.
The gnoll barely misses you. The hound bites you.
You closely miss the hound. You grab the hound.
The hound is lightly wounded.
You constrict the hound, but do no damage.
The hound misses you. The gnoll misses you.
You completely miss the hound. You squeeze the hound!
The hound is severely wounded.
You constrict the hound. The hound bites you.
The gnoll hits you from afar with a +0 spear.
The hound misses you.
You release your grip on the hound.
The hound closely misses you. The gnoll hits you with a +0 spear.
You are too injured to fight recklessly!
You closely miss the gnoll. You grab the gnoll. You constrict the gnoll.
The hound closely misses you. The gnoll hits you with a +0 spear!
* * * LOW HITPOINT WARNING * * *
You completely miss the hound. Your grab misses the hound.
The hound is severely wounded.
You constrict the gnoll. The hound bites you.
* * * LOW HITPOINT WARNING * * *
The hound barely misses you. The gnoll closely misses you.
You are too injured to fight recklessly!
Unknown command.
You tentacle-slap the hound. Your grab misses the hound.
You tentacle-slap the hound.
You kill the hound!
You constrict the gnoll. The gnoll closely misses you.
Your Evocations skill increases to level 2!
Your Shapeshifting skill increases to level 4!
Unknown command.
You tentacle-slap the gnoll.
The gnoll is heavily wounded.
You constrict the gnoll. The gnoll hits you with a +0 spear!
You die...

#.......#
########..#.
#.......#
#...)
####.####
##.#. ##.#
..... ##..#
##.... #..##
#....
#...#####
#....
#...#...#
#....
#..P#h..#
#....
#...'.g.#
##.P#+#+#
#..# #..#
####


You could see a gnoll.

Vanquished Creatures
  2 hounds (D:3)
  Crazy Yiuf (D:2)
  4 gnolls
  5 adders (D:2)
  2 dart slugs
  An orc (D:3)
  4 endoplasms
  13 giant cockroaches
  5 goblins
  5 hobgoblins
  4 jackals (D:2)
  4 quokkas
  7 ball pythons
  7 bats
  2 frilled lizards
  5 kobolds
  6 rats
77 creatures vanquished.

Notes
Turn   | Place    | Note
-------+----------+-------------------------------------------
     0 | D:1      | zenocrate the Octopode Shapeshifter began the quest for the
                  | Orb.
     0 | D:1      | Reached XP level 1. HP: 13/13 MP: 1/1
    44 | D:1      | Reached XP level 2. HP: 17/18 MP: 2/2
   262 | D:1      | Reached XP level 3. HP: 23/23 MP: 2/4
   526 | D:1      | Found Olidd's Antique Armour Shop.
   529 | D:1      | Reached skill level 1 in Spellcasting
   617 | D:2      | Found a faded altar of an unknown god.
   855 | D:2      | Reached XP level 4. HP: 19/28 MP: 5/5
  1175 | D:2      | Found a runed translucent door.
  1176 | D:2      | Noticed Crazy Yiuf
  1565 | Abyss:2  | Cast into level 2 of the Abyss (Crazy Yiuf)
  1617 | Abyss:2  | Noticed a wraith
  1619 | D:2      | Escaped the Abyss
  1624 | D:2      | Killed Crazy Yiuf
  1625 | D:2      | Reached XP level 5. HP: 19/33 MP: 6/6
  1744 | D:2      | Reached skill level 1 in Evocations
  1748 | D:2      | HP: 1/49 [gnoll/+0 flail (4)]
  2049 | D:3      | Reached XP level 6. HP: 34/38 MP: 7/7
  2056 | D:3      | Slain by a gnoll

Illustrated notes

Levels and vault maps discovered:
D:1:      shiori_arrival_oz, layout_rooms, serial_shops, shop_statue,
          grunt_decor_fettered, st_stairs_5, minmay_worlds_worst_comb
D:2:      layout_basic, ebering_ecumenical_altar_sacrificial,
          grunt_ministairs_13, kennysheep_generic_room_3,
          uniq_crazy_yiuf_cottage
D:3:      layout_loops_cross, cheibrodos_gnoll_hut

Skill      XL: |  1  2  3  4  5  6 |
---------------+-------------------+-----
Spellcasting   | 1 |  1.0
Dodging        | 3 |  3.4
Unarmed Combat | 4 |  4.5
Evocations     | 1 2 |  2.1
Shapeshifting  | 4 |  4.0
Fighting       | |  1.0

Action                     |  1- 3 |  4- 6 || total
---------------------------+-------+-------++-------
  Melee: Unarmed           |    75 |    75 ||   150
         Constrict         |    16 |    20 ||    36
         Punch             |     2 |     4 ||     6
         Tentacles         |     8 |    13 ||    21
    Use: Scroll            |       |     3 ||     3
         Potion            |       |     2 ||     2
   Stab: Sleeping          |     7 |     5 ||    12
 Armour: Skin              |     4 |    16 ||    20
  Dodge: Dodged            |    39 |    46 ||    85

Table legend: (Time is in decaauts)
 A = Elapsed time spent in this place.
 B = Non-inter-level travel time spent in this place.
 C = Inter-level travel time spent in this place.
 D = Time resting spent in this place.
 E = Time spent auto-exploring this place.
 F = Levels seen in this place.
 G = Mean time per level.
                   A        B        C        D        E       F      G
               +--------+--------+--------+--------+--------+-----+--------+
         Total |   2046 |   2001 |     45 |     56 |   1511 |   4 |  511.5 |
       Dungeon |   1992 |   1947 |     45 |     56 |   1466 |   3 |  664.0 |
         Abyss |     53 |     53 |      0 |      0 |     45 |   1 |   53.0 |
               +--------+--------+--------+--------+--------+-----+--------+

Top non-repeatable levels by time:
     D:2: 1187 daAuts
     D:1: 613 daAuts
     D:3: 191 daAuts
 Abyss:2: 53 daAuts
